 Dungeon Crawl Stone Soup version 0.29-a0-323-g050149af67 (webtiles) character file.

Game seed: 5533298698187080047

4932 ders the Thaumaturge (level 10, -12/60 HPs)
             Began as a Djinni Conjurer on Apr 11, 2022.
             Was a Follower of Ashenzari.
             Killed from afar by an electric eel (14 damage)
             ... with a bolt of electricity
             ... in a bailey.
             The game lasted 00:17:40 (10202 turns).

ders the Thaumaturge (Djinni Conjurer)             Turns: 10202, Time: 00:17:40

Health: -12/60     AC:  6    Str:  6    XL:     10   Next: 81%
Gold:   421        EV: 12    Int: 28    God:    Ashenzari [*.....] SH:  0 Dex: 11

rFire   + + +      SeeInvis .   H - staff of conjuration
rCold   x . .      Faith    .   (no shield)
rNeg    + . .      Spirit   .   C - +2 robe {Will+}
rPois   ∞          Reflect  .   w - +0 helmet "Biefong" {Harm Regen+ Int+3}
rElec   .          Harm     +   y - +0 cloak of the Stellar Loss {Evo, Melee} (curse)
rCorr   .          Rampage  .   (no gloves)
Will    ++...                   (boots unavailable)
Stlth   ++........              (no amulet)
HPRegen 1.00/turn               e - ring of protection from fire
MPRegen 0.00/turn               a - ring "Ensconced With Me" {rN+, Melee, Fort} (curse)

@: flying
A: sickness immunity, fire resistance 2, cold vulnerability 1, float, innate
caster, HP casting, extra vitality 1
a: Renounce Religion, Shatter the Chains


You were in a bailey.
You worshipped Ashenzari.
Ashenzari was aware of your devotion.
You visited 2 branches of the dungeon, and saw 8 of its levels.
You also visited: Sewer and Bailey.

You collected 421 gold pieces.

Inventory:

Armour
 w - the +0 helmet "Biefong" (worn) {Harm Regen+ Int+3}
   (You acquired it in a bailey)

   Int:       It affects your intelligence (+3).
   Regen:     It increases your rate of health regeneration.
   Harm:      It increases damage dealt and taken.
 y - the cursed +0 cloak of the Stellar Loss (worn) {Evo, Melee}
   (You took it off Crazy Yiuf on level 3 of the Dungeon)

   It has a curse which improves the following skills: Evocations: Evocations.
   Melee Combat: Short Blades, Long Blades, Axes, Maces & Flails, Polearms,
   Staves and Unarmed Combat.
 C - a +2 robe of willpower (worn)
Magical Staves
 E - a staff of air
 H - a staff of conjuration (weapon)
Jewellery
 a - the cursed ring "Ensconced With Me" (right hand) {rN+, Melee, Fort}
   (You found it on level 4 of the Dungeon)

   [ring of positive energy]

   rN:        It protects you from negative energy.
   It has a curse which improves the following skills: Melee Combat: Short
   Blades, Long Blades, Axes, Maces & Flails, Polearms, Staves and Unarmed
   Combat.
   Fortitude: Armour and Shields.
 e - a ring of protection from fire (left hand)
 r - a +6 ring of strength
Wands
 m - a wand of flame (14)
 F - a wand of digging (7)
 G - a wand of mindburst (8)
Scrolls
 c - 2 scrolls of torment
 d - 4 scrolls of fog
 g - a scroll of enchant weapon
 h - 2 scrolls of fear
 i - 3 scrolls of enchant armour
 j - a scroll of teleportation
 k - 5 scrolls of identify
 o - 2 scrolls of vulnerability
 p - a scroll of noise
 t - 3 scrolls of amnesia
 x - a scroll of blinking
Potions
 b - 2 potions of brilliance
 f - 3 potions of might
 l - a potion of attraction
 n - 2 potions of curing
 q - a potion of heal wounds
 s - a potion of ambrosia
 u - 2 potions of invisibility
 v - 2 potions of lignification
 z - a potion of mutation
 A - a potion of degeneration
 B - a potion of flight
 D - 2 potions of haste
 I - a potion of berserk rage


   Skills:
 - Level 2.1 Dodging
 - Level 1.5 Stealth
 + Level 12.2 Spellcasting


You had 10 spell levels left.
You knew the following spells:

 Your Spells              Type           Power      Damage    Failure   Level
a - Magic Dart            Conj           100%       1d8       1%          1
b - Searing Ray           Conj           100%       2d8       1%          2
c - Dazzling Flash        Conj/Hex       100%       N/A       1%          3
d - Fulminant Prism       Conj/Hex       45%        3d21      1%          4
e - Iskenderun's Mystic   Conj/Tloc      91%        2d18      1%          4
f - Animate Skeleton      Necr           100%       N/A       1%          1
g - Call Imp              Summ           71%        N/A       1%          2
h - Frozen Ramparts       Ice            100%       1d12      1%          3
i - Gell's Gravitas       Tloc           71%        N/A       1%          3
Your spell library was empty.

Dungeon Overview and Level Annotations

Branches:
Dungeon (7/15)             Temple (1/1) D:4           Sewer (visited)
 Bailey (1/1)

Altars:
Ashenzari
Cheibriados
Dithmenos
Fedhas
Gozag
Hepliaklqana
Kikubaaqudgha
Makhleb
Nemelex Xobeh
Okawaru
Qazlal
Sif Muna
Trog
Vehumet
Wu Jian
Xom
Yredelemnul
Zin
The Shining One

Shops:
D:5 [

Annotations:
D:7 2 runed translucent doors, Maggie


Innate Abilities, Weirdness & Mutations

You are immune to sickness and miasma.
You are immune to poison.
Your flesh is very heat resistant. (rF++)
You are vulnerable to cold. (rC-)
You float through the air rather than walking.
You learn spells naturally, not from books.
Your magical power is your life essence.
You have superior vitality. (+4 MHP)


Message History

a +0 war axe; the +3 chain mail of Xiwigha {rC+ rCorr Dex+3} The orc warrior hits your fulminant prism with a +0 hand axe.
Your fulminant prism explodes!
The blast of energy engulfs the orc warrior!!
You kill the orc warrior!
There is a gate leading back out of this place here.
You start waiting.
An electric eel comes into view.
The electric eel shoots out a bolt of lightning at you!
The bolt of electricity hits you!
The electric eel shoots out a bolt of lightning at you!
The bolt of electricity hits the electric eel.
The electric eel completely resists.
The bolt of electricity hits you!
You barely miss the electric eel.
The electric eel shoots out a bolt of lightning at you!
The bolt of electricity hits the electric eel.
The electric eel completely resists.
The bolt of electricity hits you.
You hit the electric eel.
The electric eel is moderately wounded.
The electric eel shoots out a bolt of lightning at you!
The bolt of electricity hits you!
You completely miss the electric eel.
The electric eel is moderately wounded.
The electric eel shoots out a bolt of lightning at you!
The bolt of electricity hits the electric eel.
The electric eel completely resists.
The bolt of electricity hits you!
* * * LOW HITPOINT WARNING * * *
You miss the electric eel.
The electric eel is moderately wounded.
The electric eel shoots out a bolt of lightning at you!
The bolt of electricity hits you!
* * * LOW HITPOINT WARNING * * *
The electric eel shoots out a bolt of lightning at you!
The bolt of electricity hits the electric eel.
The electric eel completely resists.
The bolt of electricity misses you.
You hit the electric eel.
The electric eel is heavily wounded.
The electric eel shoots out a bolt of lightning at you!
The bolt of electricity hits you!
You die...

########################
≈≈≈≈≈≈≈≈≈≈≈≈≈≈≈≈≈≈≈≈≈≈≈≈
≈≈≈≈≈≈≈≈≈≈≈≈≈≈≈≈≈≈≈≈≈≈≈≈
≈≈≈≈≈≈≈≈≈≈≈≈≈≈≈≈≈≈≈≈≈≈≈≈
≈≈≈≈≈≈≈≈≈≈≈≈≈≈≈≈≈≈≈≈≈≈≈≈
≈≈≈≈≈≈≈≈≈≈≈≈≈≈≈≈≈≈≈≈≈≈≈≈
≈≈≈≈≈≈≈≈≈≈≈≈≈≈≈≈@S≈≈S≈≈≈
≈≈≈≈≈≈≈≈≈≈≈≈≈≈≈≈≈≈≈≈≈≈≈≈
≈≈≈≈≈≈≈≈≈≈≈≈≈≈≈≈≈≈≈≈≈≈≈≈
####≈≈≈≈≈≈≈≈≈≈≈≈≈######≈
..'.............+
#..###############
.).)).g ).)# ###### ≈≈


You could see 2 electric eels.

Vanquished Creatures
  Pikel (D:6)
  Joseph (D:7)
  2 kobold demonologists
  Grinder (D:3)
  Sigmund (D:2)
  Duvessa (D:4)
  A black bear (D:6)
  9 orc warriors (Bailey)
  An ice beast (D:6)
  3 ogres
  A phantom (D:6)
  3 lemures (D:6)
  A kobold brigand (D:7)
  3 bullfrogs
  2 necrophages (D:5)
  2 scorpions
  Dowan (D:4)
  3 electric eels (Bailey)
  A howler monkey (D:2)
  4 jellies
  5 orc priests
  Crazy Yiuf (D:3)
  5 hounds
  A gnoll shaman (D:4)
  Jessica (D:2)
  4 iguanas
  4 orc wizards
  Robin (D:3)
  6 gnolls
  10 adders
  A white imp (D:5)
  3 worms
  3 dart slugs
  26 orcs
  20 ball pythons
  7 bats
  10 endoplasms
  16 giant cockroaches
  32 goblins
  18 hobgoblins
  12 quokkas
  5 frilled lizards
  20 kobolds
  11 rats
264 creatures vanquished.

Vanquished Creatures (others)
  57 fulminant prisms
57 creatures vanquished.

Grand Total: 321 creatures vanquished

Notes
Turn   | Place    | Note
-------+----------+-------------------------------------------
     0 | D:1      | ders the Djinni Conjurer began the quest for the Orb.
     0 | D:1      | Reached XP level 1. HP: 15/15 MP: 0/0
   145 | D:1      | Reached XP level 2. HP: 19/21 MP: 0/0
   698 | D:1      | Reached XP level 3. HP: 23/25 MP: 0/0
   698 | D:1      | Learned a level 1 spell: Animate Skeleton
   937 | D:1      | Reached skill level 4 in Spellcasting
  1182 | D:2      | Noticed Sigmund
  1518 | D:2      | Killed Sigmund
  1519 | D:2      | Reached skill level 5 in Spellcasting
  1519 | D:2      | Reached XP level 4. HP: 13/31 MP: 0/0
  1519 | D:2      | Reached XP level 5. HP: 15/35 MP: 0/0
  1519 | D:2      | Learned a level 2 spell: Call Imp
  1519 | D:2      | Reached XP level 6. HP: 17/40 MP: 0/0
  2200 | D:2      | Noticed Jessica
  2211 | D:2      | Killed Jessica
  2212 | D:2      | Reached skill level 6 in Spellcasting
  2217 | D:2      | Reached XP level 7. HP: 29/45 MP: 0/0
  2217 | D:2      | Learned a level 3 spell: Frozen Ramparts
  3488 | D:3      | Noticed Robin
  3493 | D:3      | Killed Robin
  3755 | D:3      | Noticed Grinder
  3762 | D:3      | Killed Grinder
  3763 | D:3      | Reached skill level 7 in Spellcasting
  3763 | D:3      | Reached XP level 8. HP: 38/50 MP: 0/0
  3913 | D:3      | Found a faded altar of an unknown god.
  3994 | D:3      | Found a runed translucent door.
  3995 | D:3      | Noticed Crazy Yiuf
  4114 | D:3      | Killed Crazy Yiuf
  4721 | D:4      | Found a staircase to the Ecumenical Temple.
  4757 | D:4      | Noticed Dowan
  4758 | D:4      | Noticed Duvessa
  4767 | Temple   | Entered the Ecumenical Temple
  4892 | Temple   | Became a worshipper of Ashenzari the Shackled
  4919 | D:4      | Killed Duvessa
  4919 | D:4      | Killed Dowan
  4920 | D:4      | Reached skill level 8 in Spellcasting
  5593 | D:5      | Entered Level 5 of the Dungeon
  5817 | D:5      | Reached XP level 9. HP: 43/55 MP: 0/0
  5817 | D:5      | Learned a level 3 spell: Gell's Gravitas
  6078 | D:5      | Reached skill level 9 in Spellcasting
  6329 | D:5      | Found Mean's Antique Armour Boutique.
  6677 | D:6      | Found a glowing drain.
  6694 | Sewer    | Entered a sewer
  7516 | D:6      | Noticed Pikel
  7521 | D:6      | Killed Pikel
  7522 | D:6      | Reached skill level 10 in Spellcasting
  7593 | D:6      | Reached XP level 10. HP: 32/60 MP: 0/0
  8432 | D:6      | Noticed a kobold demonologist
  8435 | D:6      | Killed a kobold demonologist
  8436 | D:6      | Reached skill level 11 in Spellcasting
  8636 | D:7      | Found a large runed translucent door.
  8637 | D:7      | Found a large runed translucent door.
  8641 | D:7      | Found a blossoming altar of Fedhas.
  8693 | D:7      | Noticed Joseph
  8707 | D:7      | Found a glowing silver altar of Zin.
  8707 | D:7      | Killed Joseph
  8735 | D:7      | Noticed Maggie
  8736 | D:7      | Found a flagged portal.
  8740 | Bailey   | Entered a bailey
  9409 | Bailey   | Identified the +3 chain mail of Xiwigha {rC+ rCorr Dex+3}
  9935 | Bailey   | Acquired the +0 helmet "Biefong" {Harm Regen+ Int+3}
  9942 | Bailey   | Reached * piety under Ashenzari
 10080 | Bailey   | Identified the +10 scythe "Wuyklon" {elec, rF- Dex+7}
 10106 | Bailey   | Identified the +9 dagger of the Hawk {flame, rElec Dex+4}
 10107 | Bailey   | Noticed an orc high priest
 10127 | Bailey   | Reached skill level 12 in Spellcasting
 10131 | Bailey   | Found an iron altar of Okawaru.
 10131 | Bailey   | Noticed a kobold demonologist
 10135 | Bailey   | Killed a kobold demonologist
 10201 | Bailey   | HP: 1/60 [electric eel/bolt of electricity (13)]
 10202 | Bailey   | Killed from afar by an electric eel

Illustrated notes

Levels and vault maps discovered:
D:1:      ncdulo_lavacross, layout_rooms, minmay_heptomino_o4
D:2:      cheibrodos_greedy_goblins, layout_basic, minmay_joined_circles,
          uniq_jessica, uniq_sigmund
D:3:      layout_basic, shapermc_ecumenical_altar_mp_highgroup, uniq_robin,
          uniq_crazy_yiuf_cottage, uniq_grinder
D:4:      layout_loops_ring, minmay_temple_entry_mist, skrybe_limestone_x,
          minmay_quantized, uniq_duvessa
D:5:      layout_cave_pools, serial_shops,
          nicolae_shop_competitors_out_of_business, serial_column_ruins,
          column_ruins_grid_3, column_ruins_open_small,
          column_ruins_open_small_water, column_ruins_grid_2,
          column_ruins_open_medium, column_ruins_columns_dead_end
D:6:      layout_cave_pools, gup_sewer_entry_glass, minmay_small_thing,
          uniq_pikel
D:7:      layout_basic, mainiacjoe_overflow_24_doors,
          mainiacjoe_overflow_large_starburst, fedhas_altar_1, enter_bailey_5,
          dk_noncrumbling_4, minmay_misc_feat_rugged,
          minmay_hollow_rounded_squares, uniq_maggie, uniq_joseph
Temple:   lightli_temple_of_artemis
Bailey:   bailey_axe_of_yendor_kennysheep, bailey

Skill      XL: |  1  2  3  4  5  6  7  8  9 10 |
---------------+-------------------------------+-----
Spellcasting   | 5 6 7 8 10 12 | 12.2
Dodging        | |  2.1
Stealth        | |  1.5

Action                   |  1- 3 |  4- 6 |  7- 9 | 10-12 || total
-------------------------+-------+-------+-------+-------++-------
Melee: Staff             |       |       |       |     5 ||     5
 Cast: Magic Dart        |    74 |    34 |   202 |    55 ||   365
       Searing Ray       |     2 |     3 |     3 |       ||     8
       Fulminant Prism   |       |     6 |    24 |    27 ||    57
       Iskenderun's Myst |       |       |    33 |    15 ||    48
       Gell's Gravitas   |       |       |     2 |     1 ||     3
Invok: Curse Item        |       |       |     1 |     1 ||     2
  Use: Scroll            |       |       |     2 |     4 ||     6
       Potion            |       |       |       |     1 ||     1
Armor: Robe              |     3 |       |     6 |       ||     9
Dodge: Dodged            |     2 |     2 |    18 |     7 ||    29

Table legend: (Time is in decaauts)
 A = Elapsed time spent in this place.
 B = Non-inter-level travel time spent in this place.
 C = Inter-level travel time spent in this place.
 D = Time resting spent in this place.
 E = Time spent auto-exploring this place.
 F = Levels seen in this place.
 G = Mean time per level.
                   A        B        C        D        E       F      G
               +--------+--------+--------+--------+--------+-----+--------+
         Total |  10204 |   9904 |    300 |   3740 |   4759 |  10 | 1020.4 |
       Dungeon |   7858 |   7571 |    287 |   2439 |   4175 |   7 | 1122.6 |
        Temple |    139 |    126 |     13 |     21 |     77 |   1 |  139.0 |
         Sewer |    743 |    743 |      0 |    219 |    430 |   1 |  743.0 |
        Bailey |   1462 |   1462 |      0 |   1061 |     77 |   1 | 1462.0 |
               +--------+--------+--------+--------+--------+-----+--------+

Top non-repeatable levels by time:
     D:2: 2054 daAuts
  Bailey: 1462 daAuts
     D:1: 1334 daAuts
     D:6: 1244 daAuts
     D:4: 1111 daAuts
     D:5: 1030 daAuts
     D:3: 955 daAuts
   Sewer: 743 daAuts
  Temple: 139 daAuts
     D:7: 127 daAuts
